 Dungeon Crawl Stone Soup version 0.13-a0-2676-gd993d8a (webtiles) character file.

1397 Kae the Chiller (level 8, 0/41 HPs)
             Began as a Deep Elf Ice Elementalist on Aug 12, 2013.
             Was a Believer of Vehumet.
             Slain by a slave (6 damage)
             ... led by Pikel
             ... on Level 6 of the Dungeon.
             The game lasted 00:12:13 (4508 turns).

Kae the Chiller (Deep Elf Ice Elementalist)         Turns: 4508, Time: 00:12:14

HP   0/41        AC  3     Str  8      XL: 8   Next: 22%
MP   8/24        EV 13     Int 22      God: Vehumet [**....]
Gold 185         SH  0     Dex 15      Spells:  5 memorised,  7 levels left

Res.Fire  : x . .   See Invis. : .   B - +2,+1 orc great mace (holy)
Res.Cold  : + . .   Warding    : .   a - +1 elf robe
Life Prot.: . . .   Conserve   : .   (no shield)
Res.Poison: .       Res.Corr.  : .   (no helmet)
Res.Elec. : .       Clarity    : .   (no cloak)
Sust.Abil.: . .     Spirit.Shd : .   (no gloves)
Res.Mut.  : .       Stasis     : .   (no boots)
Res.Rott. : .       Flight     : .   (no amulet)
Saprovore : . . .                    p - +2 ring of strength
                                     o - ring of ice

@: somewhat resistant to hostile enchantments, fairly stealthy
A: no striking features
a: Renounce Religion


You were on level 6 of the Dungeon.
You worshipped Vehumet.
Vehumet was most pleased with you.
You were not hungry.

You visited 1 branch of the dungeon, and saw 6 of its levels.

You collected 165 gold pieces.

Inventory:

Hand weapons
 z - a +1,-3 dagger
 B - a +2,+1 orcish great mace of holy wrath (weapon)
Missiles
 e - 26 stones (quivered)
Armour
 a - a +1 elven robe (worn)
 D - a +0 pair of boots
Magical devices
 y - a wand of polymorph (16)
Comestibles
 c - 5 bread rations
 f - a rotting chunk of gnoll flesh
 i - a meat ration
 v - a pear
 A - a choko
 G - 2 chunks of quokka flesh
Scrolls
 d - 9 scrolls of identify
 h - 4 scrolls of remove curse {unknown}
 l - a scroll of random uselessness
 m - a scroll of recharging {unknown}
 n - 3 scrolls of teleportation
 s - a scroll of noise
 t - a scroll of enchant armour
Jewellery
 g - an uncursed ring of protection from cold
 o - a ring of ice (left hand)
 p - a +2 ring of strength (right hand)
 C - an uncursed ring of protection from cold
Potions
 j - a potion of speed {unknown}
 k - 4 potions of curing {unknown}
 q - a potion of might {unknown}
 r - a potion of paralysis {unknown}
 u - 2 potions of brilliance {unknown}
 w - a potion of heal wounds {unknown}
 x - 4 potions of agility {unknown}
 E - 3 potions of slowing {unknown}
 F - a potion of confusion {unknown}
Books
 b - a book of Frost

   Spells                             Type                      Level
   *Freeze                            Ice                          1
   *Throw Frost                       Conjuration/Ice              2
   *Ozocubu's Armour                  Charms/Ice                   3
   *Throw Icicle                      Conjuration/Ice              4
   Summon Ice Beast                   Ice/Summoning                4
   Condensation Shield                Ice                          4


   Skills:
 - Level 2.4 Dodging
 - Level 2.4 Stealth
 + Level 5.8 Spellcasting
 * Level 6.6 Conjurations
 + Level 7.7 Ice Magic


You had 7 spell levels left.
You knew the following spells:

 Your Spells              Type           Power        Failure   Level  Hunger
a - Freeze                Ice            ####         1%          1    None
b - Throw Frost           Conj/Ice       ######       1%          2    None
c - Ozocubu's Armour      Chrm/Ice       #####.....   8%          3    ##.....
d - Throw Icicle          Conj/Ice       ######..     6%          4    ####...
e - Sting                 Conj/Pois      ###.         2%          1    None


Dungeon Overview and Level Annotations

Branches:
Dungeon (6/27)             Temple (0/1) D:5
    Orc: D:6-11

Altars:
Nemelex Xobeh
Sif Muna
Vehumet

Annotations
D:4 Menkaure
D:6 Pikel


Message History

Press: ? - help, Shift-Dir - straight line, f/p - Pikel
Aim: Pikel, wielding a whip of flaming and wearing a glowing robe (severely wounded)
You feel a surge of power!
You freeze Pikel.
Pikel completely resists.
Pikel is severely wounded.
Pikel closely misses you. The slave hits you!
* * * LOW HITPOINT WARNING * * *
The slave barely misses you.
Casting: Freeze
Confirm with . or Enter, or press ? or * to list all spells.
Aiming: Freeze
Press: ? - help, Shift-Dir - straight line, f/p - Pikel
Aim: Pikel, wielding a whip of flaming and wearing a glowing robe (severely wounded)
You feel a surge of power!
You freeze Pikel.
Pikel resists.
Pikel is severely wounded.
Pikel hits you with a whip of flaming.
* * * LOW HITPOINT WARNING * * *
Pikel burns you.
* * * LOW HITPOINT WARNING * * *
The slave hits you.
You die...

#...######..#
.....#... #.....#
#### #.....###.
#....### ....### .
#......# .(...# .
###....## ..###
#.....# ###.@.##
#K@..# ### ###@..#
##.. ##.....# ###...
##.....## ##.....
#.....## ##.....#
###...### ##.....##
#......## ##....####
#.......# ##.....####
.......#...##
##....####..
......#..[[####....##
##..


You could see Pikel and 2 slaves.

Vanquished Creatures
  A troll (D:6)
  Eustachio (D:4)
  2 slaves (D:6)
  An ogre (D:5)
  A centaur (D:6)
  Blork the orc (D:5)
  A wyvern skeleton (D:6)
  A hippogriff skeleton (D:6)
  3 crimson imps (D:5)
  An iguana (D:4)
  A hound (D:4)
  An orc priest (D:5)
  3 orc wizards
  A worker ant (D:4)
  Ijyb (D:4)
  A green rat (D:4)
  6 adders
  4 gnolls (D:6)
  A giant mite (D:4)
  An inept feature mimic (D:3)
  A worm (D:3)
  An adder zombie (D:6)
  An adder skeleton (D:6)
  5 giant geckos
  An ooze (D:4)
  8 orcs
  A ball python (D:3)
  9 bats
  6 giant cockroaches
  7 hobgoblins
  10 kobolds
  A giant gecko skeleton (D:6)
  3 giant newts
  8 goblins
  A goblin zombie (D:5)
  8 jackals
  2 quokkas
  8 rats
  A rat skeleton (D:4)
  A plant (D:2)
116 creatures vanquished.

Vanquished Creatures (others)
  A giant newt (D:5)
1 creature vanquished.

Grand Total: 117 creatures vanquished

Notes
Turn   | Place    | Note
--------------------------------------------------------------
     0 | D:1      | Kae, the Deep Elf Ice Elementalist, began the quest for the Orb.
     0 | D:1      | Reached XP level 1. HP: 10/10 MP: 4/4
   219 | D:1      | Reached XP level 2. HP: 12/15 MP: 5/7
   223 | D:1      | Learned a level 2 spell: Throw Frost
   405 | D:1      | Reached skill level 4 in Ice Magic
   746 | D:2      | Found a radiant altar of Vehumet.
   746 | D:2      | Found a deep blue altar of Sif Muna.
   753 | D:2      | Reached XP level 3. HP: 15/19 MP: 6/9
   754 | D:2      | Found a sparkling altar of Nemelex Xobeh.
   760 | D:2      | Became a worshipper of Vehumet
  1487 | D:3      | Reached XP level 4. HP: 24/24 MP: 6/12
  1931 | D:3      | Reached XP level 5. HP: 28/28 MP: 8/15
  2045 | D:3      | Reached skill level 5 in Ice Magic
  2157 | D:4      | Noticed Eustachio
  2157 | D:4      | Noticed Menkaure
  2170 | D:4      | Killed Eustachio
  2170 | D:4      | Acquired Vehumet's first power
  2170 | D:4      | Offered knowledge of Sting by Vehumet.
  2170 | D:4      | Reached XP level 6. HP: 28/32 MP: 9/18
  2333 | D:4      | Noticed Ijyb
  2339 | D:4      | Killed Ijyb
  2438 | D:4      | Reached skill level 6 in Ice Magic
  2664 | D:5      | Entered Level 5 of the Dungeon
  2713 | D:5      | Learned a level 3 spell: Ozocubu's Armour
  2718 | D:5      | Learned a level 4 spell: Throw Icicle
  2720 | D:5      | Learned a level 1 spell: Sting
  2726 | D:5      | Reached XP level 7. HP: 36/36 MP: 15/21
  2780 | D:5      | Noticed Blork the orc
  2789 | D:5      | Killed Blork the orc
  2789 | D:5      | Reached skill level 5 in Conjurations
  3178 | D:5      | Offered knowledge of Magic Dart by Vehumet.
  3291 | D:5      | Reached skill level 7 in Ice Magic
  3518 | D:5      | Found a staircase to the Ecumenical Temple.
  3757 | D:6      | Reached skill level 5 in Spellcasting
  3869 | D:6      | Noticed a troll
  3877 | D:6      | Killed a troll
  3877 | D:6      | Reached XP level 8. HP: 41/41 MP: 13/24
  4354 | D:6      | Noticed Pikel
  4508 | D:6      | Slain by a slave

Action                   |  1- 3 |  4- 6 |  7- 9 || total
-------------------------+-------+-------+-------++-------
Melee: Unarmed           |     6 |     6 |       ||    12
       Dagger            |       |     1 |       ||     1
       Great mace        |       |       |    36 ||    36
Throw: Stone             |    26 |       |       ||    26
 Cast: Freeze            |    52 |    83 |    33 ||   168
       Throw Frost       |     5 |    19 |    48 ||    72
       Sting             |       |     2 |     2 ||     4
       Ozocubu's Armour  |       |       |     1 ||     1
Evoke: Wand              |       |       |     2 ||     2
  Use: Scroll            |       |       |     8 ||     8
